 Dungeon Crawl Stone Soup version 0.30-b1-2-g02819fbbbe (webtiles) character file.

Game seed: 2879354189866461280

228 Mesmaeker13 the Shooter (level 6, -4/51 HPs)
             Began as a Barachi Hunter on June 20, 2023.
             Slain by Duvessa
             ... wielding a +0 short sword
              (15 damage)
             ... on level 4 of the Dungeon.
             The game lasted 00:03:54 (2274 turns).

Mesmaeker13 the Shooter (Barachi Hunter)            Turns: 2274, Time: 00:03:55

Health: -4/51      AC:  9    Str: 13    XL:     6   Next: 2%
Magic:  6/6        EV: 12    Int:  9    God:
Gold:   78         SH:  0    Dex: 17    Spells: 5/5 levels left

rFire   . . .        a - +0 shortbow
rCold   . . .        (shield currently unavailable)
rNeg    . . .        v - +3 leather armour
rPois   .            (no helmet)
rElec   .            (no cloak)
rCorr   .            (no gloves)
SInv    .            c - +2 pair of boots
Will    .....        f - amulet of regeneration
Stlth   ++           (no ring)
HPRegen 1.08/turn    (no ring)
MPRegen 0.10/turn

%: no passive effects
@: unable to hop, slow
A: amphibious, slowness 1, strong legs 1, +LOS
a: Hop


You were on level 4 of the Dungeon.
You visited 1 branch of the dungeon, and saw 4 of its levels.

You collected 78 gold pieces.

Inventory:

Hand Weapons
 a - a +0 shortbow (weapon)
 j - a +0 long sword
 p - a +2 dagger of venom
Missiles
 o - 2 poisoned darts
Armour
 c - a +2 pair of boots (worn)
 v - a +3 leather armour (worn)
 w - a +2 robe of the Archmagi
Jewellery
 f - an amulet of regeneration (around neck)
 h - a ring of ice
Scrolls
 b - a scroll of immolation
 d - a scroll of brand weapon {unknown}
 g - 2 scrolls of poison
 i - 5 scrolls of vulnerability
 l - 2 scrolls of enchant weapon
 r - a scroll of torment {unknown}
Potions
 e - a potion of magic {unknown}
 k - a potion of cancellation {unknown}
 m - a potion of curing
 n - 2 potions of lignification {unknown}
 q - 2 potions of degeneration {unknown}
 s - a potion of might {unknown}
 t - a potion of haste {unknown}
 u - a potion of flight {unknown}


   Skills:
 + Level 5.2 Fighting
 + Level 5.6 Ranged Weapons
 + Level 1.6 Armour
 - Level 2.1 Dodging
 - Level 0.8 Stealth


You had 5 spell levels left.
You didn't know any spells.
Your spell library contained the following spells:

 Spells                   Type           Power      Damage    Failure   Level
 Freeze                   Ice            0%         1d3       45%         1
 Blink                    Tloc           0%         N/A       61%         2
 Lesser Beckoning         Tloc           0%         N/A       61%         2
 Momentum Strike          Conj/Tloc      0%         3d8       61%         2
 Frozen Ramparts          Ice            0%         1d1       83%         3
 Hailstorm                Conj/Ice       0%         3d3       83%         3


Dungeon Overview and Level Annotations

Branches:
Dungeon (4/15)
 Temple: D:4-7

Altars:
Makhleb

Annotations:
D:4 Duvessa


Innate Abilities, Weirdness & Mutations

You are amphibious.
You cover ground slowly.
You can hop short distances.
You have an extended range of vision and can be seen from far away.


Message History

* * * LOW HITPOINT WARNING * * *
You feel better. Duvessa hits you with a +0 short sword.
Okay, then.
Okay, then.
Hop to where?
Press: ? - help, Dir - move target Boing!
Your +2 dagger of venom stops dripping with poison.
a - a +0 shortbow (weapon)
You are too injured to fight recklessly!
Fire: a) +0 shortbow
Press: ? - help, Q - select action, (/) - cycle Shift-Dir - straight line, f - Duvessa
Aim: Duvessa, wielding a +0 short sword and wearing a +0 leather armour (heavily wounded, berserk, very poisoned, 68% to hit)
You shoot an arrow. The arrow hits Duvessa!
Duvessa is severely wounded.
Duvessa rages.
Duvessa completely misses you.
Fire: a) +0 shortbow
Press: ? - help, Q - select action, (/) - cycle Shift-Dir - straight line, f/p - Duvessa
Aim: Duvessa, wielding a +0 short sword and wearing a +0 leather armour (severely wounded, berserk, very poisoned, 68% to hit)
You shoot an arrow. The arrow hits Duvessa.
Duvessa is severely wounded.
Duvessa hits you with a +0 short sword!
* * * LOW HITPOINT WARNING * * *
Duvessa hits you but does no damage.
Fire: a) +0 shortbow
Press: ? - help, Q - select action, (/) - cycle Shift-Dir - straight line, f/p - Duvessa
Aim: Duvessa, wielding a +0 short sword and wearing a +0 leather armour (severely wounded, berserk, very poisoned, 68% to hit)
You shoot an arrow. The arrow hits Duvessa.
Duvessa is severely wounded.
Duvessa closely misses you. Duvessa hits you with a +0 short sword.
* * * LOW HITPOINT WARNING * * *
Fire: a) +0 shortbow
Press: ? - help, Q - select action, (/) - cycle Shift-Dir - straight line, f/p - Duvessa
Aim: Duvessa, wielding a +0 short sword and wearing a +0 leather armour (almost dead, berserk, very poisoned, 68% to hit)
You shoot an arrow.
The arrow hits Duvessa but does no damage.
Duvessa is almost dead.
Duvessa hits you with a +0 short sword!
You die...

#.........# .# #.........##
..#
#...........#####..##......#
#.....†...#................##.
#.........#...................
#.......##..........#..[....
#......##................#.
##.###.##...........##......
#..###.#...@e.......#..#._..
###.#.........................
#....................<..#
###.#####........<##...## #
##....#...##......#
###..............#...#
#.).†#................
####.#<##..........[...)..
#..).#.##.................


You could see Duvessa (berserk, very poisoned).

Vanquished Creatures
  Dowan (D:4)
  Jessica (D:2)
  Terence (D:2)
  An iguana (D:4)
  3 adders
  2 dart slugs
  2 orcs (D:3)
  A ball python (D:1)
  5 endoplasms
  3 giant cockroaches
  5 goblins
  6 hobgoblins
  15 jackals
  5 kobolds
  3 quokkas
  A bat (D:2)
  A frilled lizard (D:1)
  10 rats
66 creatures vanquished.

Notes
Turn   | Place    | Note
-------+----------+-------------------------------------------
     0 | D:1      | Mesmaeker13 the Barachi Hunter began the quest for the Orb.
     0 | D:1      | Reached XP level 1. HP: 17/17 MP: 1/1
   155 | D:1      | Reached XP level 2. HP: 23/23 MP: 2/2
   163 | D:1      | Found a faded altar of an unknown god.
   661 | D:1      | Reached XP level 3. HP: 27/29 MP: 3/3
   993 | D:2      | Noticed Terence
  1000 | D:2      | Killed Terence
  1001 | D:2      | Reached XP level 4. HP: 30/37 MP: 4/4
  1164 | D:2      | Noticed Jessica
  1167 | D:2      | Killed Jessica
  1168 | D:2      | Reached skill level 5 in Ranged Weapons
  1362 | D:2      | Reached XP level 5. HP: 43/43 MP: 5/5
  2094 | D:4      | Reached skill level 5 in Fighting
  2094 | D:4      | Reached skill level 1 in Armour
  2123 | D:4      | Noticed Dowan
  2143 | D:4      | Killed Dowan
  2144 | D:4      | Reached XP level 6. HP: 51/51 MP: 6/6
  2166 | D:4      | Noticed Duvessa
  2215 | D:4      | Found a burning altar of Makhleb.
  2274 | D:4      | Slain by Duvessa

Illustrated notes

Levels and vault maps discovered:
D:1:      enne_arrival_octagon_isle, layout_loops_corners,
          chequers_ecumenical_altar_simple_redux
D:2:      layout_basic, uniq_jessica, uniq_terence
D:3:      layout_basic
D:4:      layout_rooms, grunt_temple_overflow_open, bloody_makhleb,
          nrook_campfire, uniq_duvessa

Skill      XL: |  1  2  3  4  5 |
---------------+----------------+-----
Fighting       | 3 4 5 |  5.2
Ranged Weapons | 5 |  5.6
Armour         | 1 |  1.6
Dodging        | |  2.1
Stealth        | |  0.8

Action                     |  1- 3 |  4- 6 || total
---------------------------+-------+-------++-------
  Melee: Dagger            |       |    46 ||    46
         Punch             |       |     1 ||     1
   Fire: Shortbow          |    67 |    80 ||   147
Ability: Hop               |       |     1 ||     1
    Use: Scroll            |       |     3 ||     3
         Potion            |       |     2 ||     2
 Armour: Leather armour    |     7 |    29 ||    36
  Dodge: Dodged            |    24 |    84 ||   108
